 Dungeon Crawl Stone Soup version 0.24.0-29-g8ce449bc06 (webtiles) character file.

Game seed: 14659047937230060529, levelgen mode: deterministic

57102 Flugslaktarn the Severer (level 14, 0/132 HPs)
             Began as a Deep Dwarf Fighter on Nov 16, 2019.
             Was the Champion of Makhleb.
             Killed from afar by Aizul (36 damage)
             ... with a poison arrow
             ... on level 1 of the Snake Pit.
             The game lasted 00:12:29 (10496 turns).

Flugslaktarn the Severer (Deep Dwarf Fighter)      Turns: 10496, Time: 00:12:30

Health: 0/132      AC: 24    Str: 25    XL:     14   Next: 44%
Magic:  11/11      EV: 15    Int:  9    God:    Makhleb [******]
Gold:   714        SH:  8    Dex: 12    Spells: 13/13 levels left

rFire    + . .     SeeInvis +   b - +5 battleaxe (freeze)
rCold    . . .     Gourm    .   (shield currently unavailable)
rNeg     + . .     Faith    .   U - +0 plate armour {rF+}
rPois    .         Spirit   .   l - +0 helmet {SInv}
rElec    .         Reflect  +   (no cloak)
rCorr    .         Harm     .   I - +2 pair of gloves
MR       ++...                  Q - +0 pair of boots
Stlth    ..........             a - brooch of Shielding {Reflect SH+8}
HPRegen  0.00/turn              v - +3 ring of evasion
MPRegen  0.12/turn              B - +3 ring of protection

@: lethally poisoned (0 -> -33), very slightly contaminated, non-regenerating
A: damage resistance, heal wounds, negative energy resistance 1, sense
surroundings 2, no regeneration
a: Heal Wounds, Minor Destruction, Lesser Servant of Makhleb, Major Destruction,
Greater Servant of Makhleb, Renounce Religion


You were on level 1 of the Snake Pit.
You worshipped Makhleb.
Makhleb was exalted by your worship.
You were not hungry.

You visited 3 branches of the dungeon, and saw 16 of its levels.
You visited the Abyss 1 time.
You also visited: Sewer and Gauntlet.

You collected 951 gold pieces.
You spent 237 gold pieces at shops.

Inventory:

Hand Weapons
 b - a +5 battleaxe of freezing (weapon)
   (You bought it in a shop on level 6 of the Dungeon)
 D - a +1 battleaxe of venom
   (You found it on level 8 of the Dungeon)
Missiles
 p - a throwing net (quivered)
Armour
 l - a +0 helmet of see invisible (worn)
   (You found it in a Gauntlet)
 I - a +2 pair of gloves (worn)
   (You found it on level 1 of the Lair of Beasts)
 Q - a +0 pair of boots (worn)
   (You found it on level 4 of the Dungeon)
 U - a +0 plate armour of fire resistance (worn)
   (You found it on level 6 of the Lair of Beasts)
Jewellery
 a - the brooch of Shielding (around neck) {Reflect SH+8}
   (You found it in a Gauntlet)

   [amulet of reflection]

   It shields you and reflects attacks.
   It affects your SH (+8).
 c - an uncursed ring of protection from cold
   (You found it on level 5 of the Lair of Beasts)
 f - an uncursed ring of protection from fire
   (You found it on level 3 of the Dungeon)
 n - an uncursed ring of positive energy
   (You found it on level 6 of the Lair of Beasts)
 v - a +3 ring of evasion (left hand)
   (You took it off a meliai on level 5 of the Lair of Beasts)
 B - a +3 ring of protection (right hand)
   (You found it on level 6 of the Dungeon)
 H - an uncursed ring of protection from fire
   (You found it on level 4 of the Lair of Beasts)
Wands
 m - a wand of iceblast (23)
   (You found it on level 4 of the Dungeon)
 u - a wand of acid (13)
   (You took it off Ijyb on level 5 of the Dungeon)
 x - a wand of enslavement (6)
   (You found it on level 5 of the Dungeon)
 M - a wand of clouds (4)
   (You found it on level 2 of the Abyss)
Scrolls
 g - 2 scrolls of fog
 k - a scroll of immolation
 o - 2 scrolls of fear
 r - a scroll of identify
 t - 7 scrolls of teleportation
 z - 6 scrolls of blinking
 C - 10 scrolls of remove curse
 E - 2 scrolls of enchant armour
 L - 2 scrolls of vulnerability
Potions
 d - 3 potions of might
 h - a potion of haste
 i - 2 potions of mutation
 j - a potion of brilliance
 q - 10 potions of curing
 s - 2 potions of degeneration
 w - 3 potions of heal wounds
 A - 5 potions of magic
 F - 2 potions of berserk rage
 G - 2 potions of lignification
 J - 2 potions of flight {unknown}
 N - a potion of agility {unknown}
 O - a potion of ambrosia
 S - a potion of invisibility {unknown}
Comestibles
 e - 30 rations
 K - a chunk of flesh


   Skills:
 + Level 10.0 Fighting
 * Level 15.4 Axes
 + Level 11.7 Armour
 + Level 10.1 Dodging
   Level 6.1 Shields
 + Level 12.6 Invocations
 - Level 8.0 Evocations


You had 13 spell levels left.
You didn't know any spells.
Your spell library was empty.

Dungeon Overview and Level Annotations

Branches:
Dungeon (9/15)             Temple (0/1) D:6            Lair (6/6) D:8
  Swamp (0/4) Lair:3        Snake (1/4) Lair:4        Slime (0/5) Lair:5
  Sewer (visited)         Gauntlet (visited)
    Orc: D:9-12

Altars:
Ashenzari
Dithmenos
Fedhas
Makhleb
Nemelex Xobeh
Uskayaw
Vehumet
The Shining One
Jiyva

Shops:
D:4 (   D:6 (   D:8 (   Snake:1 *?(

Annotations:
D:3 2 transporters, Flugslaktarn's ghost, amateur FoFi
D:6 3 runed translucent doors, OleJ's ghost, novice OpMo
Lair:1 1 runed translucent door, exclusion: oklob plant, Zeutomaari's ghost, journeyman GnNe
Lair:5 exclusion: oklob plant
Snake:1 Aizul


Innate Abilities, Weirdness & Mutations

You are resistant to damage.
You can heal yourself by infusing magical energy.
You resist negative energy. (rN+)
You passively map the area around you.
You do not regenerate.


Message History

A demon appears!
Evoke which item? (* to show all) (? for menu, Esc to quit)
Aiming: Corrosive Bolt
Press: ? - help, Shift-Dir - straight line, f - Aizul
Aim: Aizul (moderately wounded)
The bolt of acid hits Aizul!
Aizul is splashed with acid.
The acid corrodes Aizul!
Aizul is heavily wounded.
Aizul misses you.
Your ynoxinul gestures.
You slash Aizul! You freeze Aizul.
Aizul is heavily wounded.
Aizul casts a spell at you. The bolt of poison hits you!
You are more poisoned.
* * * LOW HITPOINT WARNING * * *
Aizul coils herself and waves her upper body at you.
The poison arrow hits you!!!
You are more poisoned.
You die...

, ...⌠.⌠.....# *, ,
*,..8.8.8..### , *
......#.# , * , *
..##.S##.# * ,
..###...N### *
,,......#....# , ,
......##..##
,........3##
.......S@5#### *,
.......5.....# ,
,.##........#.# * * ,
,....#..........# *
*,, ...............##
,,...........#....# ,
,#.........##....# *
....#.#....##⌠.⌠...##
*
...........##.∩...##


You could see Aizul, a salamander, a friendly ynoxinul and 2 friendly ufetubi.

Vanquished Creatures
  2 tentacled starspawn (Abyss:2)
  A reaper (Abyss:2)
  A dire elephant (Lair:6)
  A minotaur (Gauntlet)
  3 anacondas
  A hydra (Lair:6)
  4 death yaks (Lair:5)
  2 thrashing horrors (Abyss:2)
  Sonja (Lair:2)
  A wretched star (Abyss:2)
  2 naga ritualists (Snake:1)
  A mana viper (Snake:1)
  A worldbinder (Gauntlet)
  A salamander (Snake:1)
  An ice statue (Gauntlet)
  18 elephants
  Joseph (D:7)
  15 black mambas
  9 spiny frogs
  4 rime drakes
  A torpor snail (Lair:5)
  A hellion (Gauntlet)
  6 komodo dragons
  A queen bee (Lair:5)
  A silent spectre (Abyss:2)
  A polar bear (Lair:3)
  3 meliai (Lair:5)
  8 blink frogs
  Grinder (D:5)
  8 hippogriffs
  4 raiju (Abyss:2)
  A spriggan (D:7)
  31 yaks
  9 starcursed masses (Abyss:2)
  3 basilisks
  3 wyverns
  6 nagas
  10 water moccasins
  7 porcupines
  2 hell hounds (Gauntlet)
  2 orc warriors
  A black bear (Lair:1)
  2 phantoms
  An ice beast (D:7)
  3 sky beasts
  3 boggarts (Gauntlet)
  A necrophage (D:7)
  7 wolves
  4 ogres
  2 centaurs
  14 crocodiles
  3 small abominations (Abyss:2)
  Blork the orc (D:4)
  7 bullfrogs
  A water moccasin skeleton (D:7)
  5 wights (D:6)
  29 killer bees
  A howler monkey (D:5)
  3 crimson imps
  2 bullfrog skeletons
  4 hounds
  7 orc priests
  2 jellies
  A gnoll shaman (D:5)
  A centaur skeleton (D:6)
  Ijyb (D:5)
  6 iguanas
  6 orc wizards
  8 worker ants
  A hell rat (Lair:5)
  A hound zombie (D:5)
  A worker ant zombie (D:7)
  12 gnolls
  A howler monkey skeleton (D:6)
  17 adders
  A river rat (D:3)
  2 shadow imps
  14 oozes
  An adder skeleton (D:5)
  3 worms
  A dart slug (D:3)
  14 leopard geckos
  30 orcs
  13 giant cockroaches
  3 goblins
  2 hobgoblins
  2 jackals (D:5)
  2 quokkas
  15 ball pythons
  3 bats (D:3)
  14 frilled lizards
  2 kobolds
  A leopard gecko skeleton (D:5)
  2 quokka zombies (D:6)
  5 rats
  2 fungi (D:8)
  4 plants
  3 starspawn tentacles (Abyss:2)
477 creatures vanquished.

Vanquished Creatures (collateral kills)
  2 dire elephants (Lair:6)
  2 hydras
  2 spiny frogs
  3 blink frogs (Lair:2)
  A hippogriff (Lair:5)
  3 yaks (Lair:2)
  A water moccasin (Lair:5)
  A crocodile (Lair:5)
  A bullfrog (Lair:5)
  5 killer bees (Lair:5)
  A plant (Lair:2)
22 creatures vanquished.

Vanquished Creatures (others)
  An orc wizard (D:5)
  An orc (D:5)
  9 fungi
  11 plants
  3 starspawn tentacles (Abyss:2)
25 creatures vanquished.

Grand Total: 524 creatures vanquished

Notes
Turn   | Place    | Note
-------+----------+-------------------------------------------
     0 | D:1      | Flugslaktarn the Deep Dwarf Fighter began the quest for the
                  | Orb.
     0 | D:1      | Reached XP level 1. HP: 20/20 MP: 1/1
     3 | D:1      | Noticed an electric eel
     3 | D:1      | Noticed an electric eel
   154 | D:2      | Reached XP level 2. HP: 27/27 MP: 1/1
   163 | D:2      | Reached skill level 3 in Axes
   163 | D:2      | Reached XP level 3. HP: 20/33 MP: 2/2
   244 | D:3      | Found a transporter.
   276 | D:3      | Noticed Flugslaktarn's ghost (amateur FoFi)
   276 | D:3      | Noticed a phantom
   279 | D:3      | Found a transporter.
   445 | D:3      | Reached XP level 4. HP: 39/42 MP: 3/3
   517 | D:3      | Found a glowing drain.
   547 | Sewer    | Entered a sewer
   647 | Sewer    | Reached skill level 4 in Axes
   647 | Sewer    | Reached XP level 5. HP: 45/49 MP: 4/4
   883 | Sewer    | Reached XP level 6. HP: 25/57 MP: 5/5
  1082 | D:4      | Reached skill level 5 in Axes
  1208 | D:4      | Found a shadowy altar of Dithmenos.
  1211 | D:4      | Found a sparkling altar of Nemelex Xobeh.
  1218 | D:4      | Found a burning altar of Makhleb.
  1221 | D:4      | Found a radiant altar of Vehumet.
  1246 | D:4      | Became a worshipper of Makhleb the Destroyer
  1308 | D:4      | Reached skill level 1 in Invocations
  1308 | D:4      | Reached XP level 7. HP: 59/64 MP: 5/5
  1328 | D:4      | Noticed Blork the orc
  1343 | D:4      | Killed Blork the orc
  1452 | D:4      | Reached skill level 5 in Armour
  1538 | D:4      | Found Qyedotam's Antique Weapon Emporium.
  1564 | D:4      | Reached skill level 5 in Shields
  2087 | D:5      | Entered Level 5 of the Dungeon
  2319 | D:5      | Reached skill level 6 in Axes
  2322 | D:5      | Reached * piety under Makhleb
  2462 | D:5      | Found a hide-covered altar of Uskayaw.
  2463 | D:5      | Noticed Grinder
  2470 | D:5      | Reached XP level 8. HP: 50/73 MP: 6/8
  2509 | D:5      | Killed Grinder
  2509 | D:5      | Reached skill level 7 in Axes
  2562 | D:5      | Noticed Ijyb
  2572 | D:5      | Killed Ijyb
  2831 | D:5      | Reached ** piety under Makhleb
  3008 | D:6      | Reached skill level 5 in Fighting
  3089 | D:6      | Found a staircase to the Ecumenical Temple.
  3122 | D:6      | Found Zeajang's Weapon Emporium.
  3156 | D:6      | Found a runed translucent gate.
  3156 | D:6      | Noticed OleJ's ghost (novice OpMo)
  3157 | D:6      | Found a runed translucent gate.
  3157 | D:6      | Identified the +8 short sword "Huphiw" {pain, rPois Int+4}
  3158 | D:6      | Found a runed translucent gate.
  3197 | D:6      | Reached skill level 8 in Axes
  3217 | D:6      | Gained mutation: You passively map the area around you.
                  | [Deep Dwarf growth]
  3217 | D:6      | Reached XP level 9. HP: 81/81 MP: 7/7
  3266 | D:6      | Reached skill level 1 in Dodging
  3344 | D:6      | Reached skill level 5 in Invocations
  3372 | D:6      | Found a shattered altar of Ashenzari.
  3373 | D:6      | Found a glowing golden altar of the Shining One.
  3779 | D:7      | Noticed Joseph
  3792 | D:7      | Killed Joseph
  3792 | D:7      | Reached skill level 9 in Axes
  3838 | D:7      | Reached *** piety under Makhleb
  3887 | D:6      | Bought a +2 battleaxe of freezing for 237 gold pieces
  4298 | D:8      | Reached XP level 10. HP: 88/91 MP: 7/7
  4303 | D:8      | Found Issoanix's Antique Weapon Emporium.
  4319 | D:8      | Found a blossoming altar of Fedhas.
  4515 | D:8      | Reached skill level 10 in Axes
  4747 | D:8      | Found a staircase to the Lair.
  4755 | D:8      | Reached **** piety under Makhleb
  4835 | Lair:1   | Entered Level 1 of the Lair of Beasts
  4846 | Lair:1   | Noticed a spiny frog
  4849 | Lair:1   | Killed a spiny frog
  4916 | Lair:1   | You fall into a shaft and drop 1 floor!
  4916 | Lair:2   | Noticed a spiny frog
  4921 | Lair:2   | Killed a spiny frog
  4923 | Lair:2   | Reached skill level 5 in Dodging
  5070 | Lair:2   | Noticed Sonja
  5086 | Lair:2   | Killed Sonja
  5088 | Lair:2   | Noticed a spiny frog
  5094 | Lair:2   | Killed a spiny frog
  5094 | Lair:2   | Reached skill level 11 in Axes
  5102 | Lair:2   | Reached skill level 1 in Evocations
  5106 | Lair:2   | Reached XP level 11. HP: 57/100 MP: 8/8
  5807 | Lair:1   | Found a runed translucent door.
  5807 | Lair:1   | Noticed a spriggan rider
  5837 | Lair:1   | Identified the +6 trident of Ash {flame, rPois rC+}
  5837 | Lair:1   | Noticed Zeutomaari's ghost (journeyman GnNe)
  6014 | Lair:1   | Noticed an oklob plant
  6364 | Lair:3   | Reached skill level 12 in Axes
  6445 | Lair:3   | Reached ***** piety under Makhleb
  6467 | Lair:3   | Reached skill level 5 in Evocations
  6468 | Lair:3   | Reached XP level 12. HP: 91/110 MP: 10/10
  6477 | Lair:3   | Found a staircase to the Swamp.
  6635 | Lair:3   | Noticed an eight-headed hydra
  6647 | Lair:3   | Killed an eight-headed hydra
  6990 | Lair:4   | You fall into a shaft and drop 2 floors!
  6990 | Lair:6   | Entered Level 6 of the Lair of Beasts
  7099 | Lair:5   | Reached skill level 10 in Invocations
  7170 | Lair:5   | Found a gate leading to a gauntlet.
  7179 | Gauntlet | Entered a Gauntlet
  7179 | Gauntlet | Found a transporter.
  7179 | Gauntlet | Found a runed translucent door.
  7179 | Gauntlet | Found a runed translucent door.
  7187 | Gauntlet | Found a transporter.
  7189 | Gauntlet | Found a transporter.
  7200 | Gauntlet | Found a transporter.
  7201 | Gauntlet | Found a transporter.
  7218 | Gauntlet | Found a transporter.
  7225 | Gauntlet | Found a transporter.
  7235 | Gauntlet | Found a transporter.
  7239 | Gauntlet | Noticed a minotaur
  7245 | Gauntlet | Found a transporter.
  7249 | Gauntlet | Found the +3 giant club "Skullcrusher" {speed, Str+7}
  7250 | Gauntlet | Found a transporter.
  7278 | Gauntlet | Found a transporter.
  7278 | Gauntlet | Found a transporter.
  7280 | Gauntlet | Found the brooch of Shielding {Reflect SH+8}
  7328 | Gauntlet | Found a transporter.
  7330 | Gauntlet | Noticed a queen ant
  7331 | Gauntlet | Found a transporter.
  7415 | Gauntlet | Reached skill level 13 in Axes
  7463 | Gauntlet | Noticed a queen ant
  7469 | Gauntlet | Reached skill level 10 in Armour
  7475 | Gauntlet | Cast into level 2 of the Abyss (a wizard)
  7548 | Abyss:2  | Noticed a reaper
  7554 | Abyss:2  | Killed a reaper
  7560 | Abyss:2  | Noticed a starcursed mass
  7586 | Abyss:2  | Found a corrupted altar of Lugonu.
  7608 | Abyss:2  | Found an opulent altar of Gozag.
  7625 | Abyss:2  | Noticed a starcursed mass
  7635 | Abyss:2  | Noticed a tentacled starspawn
  7645 | Abyss:2  | Killed a tentacled starspawn
  7645 | Abyss:2  | Reached XP level 13. HP: 101/118 MP: 12/12
  7655 | Abyss:2  | Noticed a tentacled starspawn
  7662 | Abyss:2  | Killed a tentacled starspawn
  7664 | Gauntlet | Escaped the Abyss
  7749 | Gauntlet | Killed a minotaur
  7840 | Lair:4   | You fall into a shaft and drop 1 floor!
  7844 | Lair:5   | Found a viscous altar of Jiyva.
  7845 | Lair:5   | Found a staircase to the Slime Pits.
  7976 | Lair:5   | Reached skill level 14 in Axes
  8025 | Lair:5   | Reached ****** piety under Makhleb
  8876 | Lair:4   | Found a staircase to the Snake Pit.
  9217 | Lair:6   | Gained mutation: You resist negative energy. (rN+) [Deep
                  | Dwarf growth]
  9217 | Lair:6   | Reached XP level 14. HP: 129/129 MP: 10/12
  9897 | Lair:6   | Reached skill level 15 in Axes
 10314 | Snake:1  | Entered Level 1 of the Snake Pit
 10405 | Snake:1  | Found Siefuc's Assorted Antiques.
 10418 | Snake:1  | Found Lesexkown's Antique Weapon Shoppe.
 10424 | Snake:1  | Reached skill level 10 in Dodging
 10432 | Snake:1  | Reached skill level 10 in Fighting
 10470 | Snake:1  | Found Acitsufe's Magic Scroll Shop.
 10476 | Snake:1  | Noticed Aizul
 10487 | Snake:1  | HP: 2/132 [Aizul/bolt of poison (23)]
 10496 | Snake:1  | Killed from afar by Aizul

Levels and vault maps discovered:
D:1:      arrival_aquarium_b, layout_loops_ring
D:2:      layout_loops_ring
D:3:      layout_rooms, gammafunk_ghost_arena, first_ration,
          portal_sewer_entry_a, chequers_serial_rivers_micro_d,
          grunt_decor_arrowhead
D:4:      layout_basic, grunt_temple_overflow_cloverleaf, serial_shops,
          shop_statue, minivault_1, uniq_blork_the_orc
D:5:      layout_loops_corners, hangedman_abyss_or_decor_lesser_grid,
          hangedman_decor_diamond_cutter, minmay_ruined_shrine, uniq_ijyb,
          uniq_grinder
D:6:      layout_cave_pools, gammafunk_temple_overflow_pools,
          minmay_temple_entry_gardened_gates, serial_shops, shop,
          gammafunk_ghost_nasty_kobolds
D:7:      layout_rooms, the_bakery, uniq_joseph
D:8:      layout_rooms, grunt_lair_entry_orc_guard_hut, serial_shops,
          kennysheep_little_box, fedhas_altar_1
D:9:      layout_basic, basic_altar, kennysheep_generic_room_3
Lair:1:   layout_roguey, ebering_ghost_funeral_grove, minmay_lair_oklob_items
Lair:2:   layout_long_grid, grunt_megastairs_3, uniq_sonja
Lair:3:   layout_hall_layers, swamp_mist
Lair:4:   layout_roguey, minmay_snake_entry_guardpost_medium,
          lemuel_fruit_fields, lemuel_fruit_fields
Lair:5:   regret_index_bee_streams, layout_hall_layers, slime_altar_1,
          gauntlet_entry_generic, chequers_serial_rivers_room_a,
          minmay_lair_oklob_chamber
Lair:6:   due_jungle_book, layout_long_grid, grunt_megastairs_5
Snake:1:  layout_cave_shapes, serial_shops, shop_fountains, shop,
          nicolae_shop_temple_entry_statues_fountains, shop,
          nicolae_shop_crystal, uniq_aizul

Skill      XL: |  1  2  3  4  5  6  7  8  9 10 11 12 13 14 |
---------------+-------------------------------------------+-----
Axes           | 3 4 5 6 8 9 11 12 13 14 15 | 15.4
Fighting       | 3 4 5 6 7 8 9 10 | 10.0
Shields        | 4 5 6 |  6.1
Armour         | 4 5 6 7 8 9 10 11 | 11.7
Invocations    | 1 2 4 6 8 9 10 12 | 12.6
Dodging        | 3 5 6 8 9 10 | 10.1
Evocations     | 1 5 7 8 |  8.0

Action                   |  1- 3 |  4- 6 |  7- 9 | 10-12 | 13-15 || total
-------------------------+-------+-------+-------+-------+-------++-------
Melee: War axe           |    79 |   297 |   379 |       |       ||   755
       Battleaxe         |       |       |    30 |   480 |   379 ||   889
Invok: Lesser Servant of |       |       |       |     4 |     5 ||     9
 Abil: Heal Wounds       |     2 |     3 |    15 |    14 |     5 ||    39
Evoke: Wand              |       |       |     2 |     5 |     2 ||     9
  Use: Potion            |       |     2 |       |       |     3 ||     5
       Scroll            |       |       |     9 |     9 |     6 ||    24
 Stab: Distracted        |       |       |       |     1 |       ||     1
  Eat: Chunk             |       |     3 |    10 |     8 |     4 ||    25
       Ration            |       |       |       |     1 |     2 ||     3
Armor: Scale mail        |    41 |   206 |   122 |       |       ||   369
       Plate armour      |       |       |    43 |   362 |   353 ||   758
Dodge: Dodged            |    21 |   124 |   139 |   235 |   301 ||   820
Block: Shield            |    47 |   183 |   287 |       |       ||   517
       Other             |       |       |     4 |    86 |   233 ||   323
       Reflection        |       |       |     3 |     1 |     2 ||     6
